Map: Submarine LE

Players

PumpkinMan

  • Race: Zerg Zerg
  • League: Diamond
  • Spawn Location: 5:00

phiL - Winner!

  • Race: Protoss Protoss
  • League: Diamond
  • Spawn Location: 11:00

VOD

Have the link to the VOD?

Description

Time

  • Played on: Aug. 17, 2020, 9:24 p.m.
  • Length: 10:52
Show
View Real Time Build Order
Export as new Build Order

PumpkinMan Zerg 

Build Orders: Hatch First, Muta Ling Bane 

Get SALT Encoding   

  12  0:00  Drone  
  13  0:12  Overlord  
  13  0:16  Drone  
  14  0:30  Drone x2  
  16  0:48  Hatchery  
  15  0:51  Drone  
  15  0:54  Drone  
  17  0:59  Drone  
  18  1:09  Extractor  
  17  1:14  Spawning Pool  
  17  1:17  Drone  
  17  1:24  Drone  
  18  1:27  Drone  
  19  1:38  Drone  
  20  1:49  Overlord  
  20  2:02  Queen  
  20  2:03  Zergling x2, Queen  
  20  2:04  Zergling x2  
  26  2:14  Drone  
  26  2:15  Drone  
  28  2:30  Drone x2  
  30  2:38  Pneumatized Carapace  
  30  2:39  Hatchery  
  30  2:43  Queen  
  31  2:47  Drone  
  32  2:53  Drone  
  32  2:55  Metabolic Boost  
  33  3:00  Overlord  
  33  3:02  Drone  
  34  3:06  Drone  
  34  3:09  Drone  
  36  3:14  Overlord  
  36  3:18  Drone  
  37  3:20  Drone x2  
  37  3:24  Drone  
  40  3:27  Drone x2  
  40  3:32  Drone  
  43  3:44  Overlord  
  43  3:45  Drone x4  
  43  3:47  Overlord  
  47  3:53  Drone x2  
  49  4:02  Queen  
  49  4:05  Overlord  
  49  4:06  Drone x2  
  49  4:07  Drone x3  
  56  4:13  Extractor  
  56  4:14  Zergling x4, Spore Crawler, Extractor  
  56  4:15  Zergling x2  
  56  4:16  Spore Crawler  
  55  4:21  Spore Crawler  
  54  4:27  Zergling x2, Drone, Roach Warren  
  55  4:39  Drone x5  
  55  4:42  Queen  
  55  4:45  Drone x3  
  65  4:57  Lair  
  65  5:04  Drone x3  
  65  5:06  Extractor, Drone x5  
  72  5:09  Evolution Chamber  
  71  5:19  Queen  
  72  5:21  Drone x2  
  72  5:22  Extractor  
  72  5:23  Extractor  
  72  5:33  Baneling Nest  
  72  5:34  Roach  
  72  5:35  Overlord x2  
  73  5:36  Overlord x2  
  73  5:47  Drone  
  74  5:52  Zerg Missile Weapons Level 1  
  74  5:56  Roach x3  
  74  5:57  Roach x2  
  83  5:58  Roach x3  
  83  5:59  Roach x3  
  83  6:00  Roach x2  
  95  6:13  Roach x3  
  95  6:17  Drone  
  102  6:20  Glial Reconstitution, Spire  
  101  6:44  Overlord x2  
  101  6:46  Centrifical Hooks  
  99  6:49  Drone  
  100  6:56  Overlord x4  
  100  6:58  Ravager x2  
  100  6:59  Ravager x3  
  105  7:02  Overseer  
  105  7:03  Overseer, Hatchery  
  105  7:08  Drone x8  
  106  7:09  Drone x2  
  106  7:13  Overseer  
  114  7:20  Spore Crawler  
  113  7:31  Overlord  
  113  7:32  Overlord x2  
  113  7:34  Mutalisk x5  
  113  7:36  Mutalisk  
  125  7:38  Mutalisk  
  127  7:45  Drone  
  127  7:46  Drone x5  
  127  7:51  Zergling x8  
  137  7:56  Zerg Flyer Weapons Level 1  
  137  8:04  Ravager x3  
  137  8:05  Ravager  
  141  8:06  Zergling x16  
  149  8:13  Baneling x5  
  149  8:14  Baneling  
  149  8:21  Drone  
  149  8:22  Drone x6  
  156  8:28  Baneling  
  156  8:29  Baneling x8  
  156  8:32  Drone x6  
  147  9:06  Hatchery  
  147  9:09  Zergling x18  
  155  9:10  Zergling x2  
  155  9:14  Hatchery  
  143  9:41  Zergling x16  
  143  9:42  Zergling x4  
  142  9:49  Mutalisk x3  
  130  9:55  Zergling x6  
  117  10:05  Baneling x4  
  117  10:07  Baneling  
  117  10:08  Baneling x15  
  117  10:10  Zergling x6  
  119  10:14  Zergling x6  
  106  10:29  Zergling x2  
  106  10:30  Zergling x18  
Show
View Real Time Build Order
Export as new Build Order

phiL Protoss - Winner!

Build Orders: 1 Gate Expand, Archon Immortal, Archon Drop, Dark Templar Rush 

Get SALT Encoding   

  12  0:00  Probe  
  13  0:12  Probe  
  14  0:18  Pylon  
  14  0:24  Probe  
  15  0:37  Probe (Chrono Boost)  
  15  0:38  Gateway  
  16  0:47  Assimilator  
  16  0:48  Probe (Chrono Boost)  
  17  0:53  Probe (Chrono Boost)  
  18  1:03  Probe  
  19  1:15  Probe  
  20  1:26  Nexus  
  20  1:37  Cybernetics Core  
  20  1:39  Probe  
  21  1:44  Assimilator  
  21  1:52  Probe  
  22  1:56  Pylon  
  22  2:05  Probe  
  23  2:11  Adept (Chrono Boost)  
  23  2:15  Warp Gate  
  25  2:17  Probe  
  26  2:29  Probe  
  27  2:34  Stalker  
  27  2:35  Twilight Council  
  29  2:39  Probe  
  29  2:41  Probe  
  32  2:51  Probe  
  32  2:53  Probe  
  32  2:58  Robotics Facility  
  33  3:03  Probe  
  34  3:06  Gateway  
  34  3:10  Probe  
  35  3:16  Probe  
  36  3:20  Dark Shrine  
  36  3:22  Probe  
  37  3:28  Probe  
  38  3:36  Probe  
  39  3:44  Warp Prism, Probe  
  42  3:52  Probe  
  42  3:53  Gateway x2  
  43  3:56  Probe  
  44  4:06  Probe  
  44  4:09  Pylon, Probe  
  46  4:11  Assimilator, Pylon  
  46  4:13  Assimilator  
  46  4:27  Probe x2  
  49  4:44  Dark Templar x2  
  52  4:48  Dark Templar x2  
  54  4:54  Probe  
  54  4:55  Nexus  
  54  4:59  Pylon  
  55  5:00  Pylon  
  55  5:04  Archon  
  55  5:05  Dark Templar  
  55  5:06  Probe x2  
  59  5:08  Observer  
  59  5:12  Archon, Forge  
  60  5:19  Probe  
  60  5:20  Probe  
  62  5:21  Adept x2  
  62  5:24  Shield Battery  
  62  5:26  Charge  
  66  5:31  Probe  
  66  5:34  Probe  
  68  5:44  Probe  
  69  5:53  Immortal (Chrono Boost)  
  69  5:55  Probe  
  74  5:58  Protoss Ground Weapons Level 1 (Chrono Boost)  
  70  6:12  Probe  
  70  6:13  Probe x2  
  70  6:16  Sentry x2  
  77  6:24  Probe  
  77  6:25  Probe, Cybernetics Core, Immortal (Chrono Boost)  
  83  6:26  Gateway  
  83  6:27  Gateway  
  83  6:30  Pylon  
  83  6:32  Pylon  
  83  6:43  Probe x2  
  83  6:44  Sentry x2  
  89  6:47  Pylon  
  89  6:49  Pylon  
  89  6:51  Assimilator  
  89  6:52  Probe  
  90  6:56  Immortal (Chrono Boost)  
  90  6:58  Probe  
  95  7:01  Sentry  
  95  7:06  Pylon  
  95  7:07  Pylon  
  97  7:17  Sentry x2  
  97  7:18  Zealot  
  97  7:21  Probe x2  
  106  7:30  Probe, Zealot x2  
  106  7:32  Immortal  
  106  7:36  Gateway  
  114  7:38  Gateway  
  114  7:39  Gateway  
  114  7:43  Templar Archives  
  114  7:44  Zealot x4  
  122  7:58  Protoss Ground Weapons Level 2 (Chrono Boost)  
  122  8:00  Dark Templar x2  
  122  8:04  Gateway  
  126  8:05  Probe  
  126  8:08  Gateway  
  126  8:10  Archon  
  126  8:11  Zealot x4  
  135  8:17  Probe  
  135  8:18  Probe  
  137  8:31  Nexus  
  136  8:42  Stalker x2  
  120  9:01  High Templar  
  120  9:02  High Templar x3  
  114  9:04  Zealot x5  
  114  9:05  Zealot  
  114  9:06  Zealot  
  114  9:07  Probe x2  
  118  9:13  Archon x2  
  118  9:14  Probe  
  119  9:19  Probe  
  115  9:25  Stalker x5  
  125  9:35  Zealot x2  
  126  9:43  Zealot x4  
  132  9:48  Probe x2  
  132  9:49  Probe x2  
  132  9:52  Warp Prism (Chrono Boost)  
  126  9:58  Zealot x6  
  140  10:00  Probe  
  141  10:08  Zealot x3  
  147  10:15  Pylon  
  147  10:17  Pylon  
  147  10:18  Pylon  
  145  10:22  High Templar x2  
  145  10:23  High Templar  
  145  10:24  High Templar  
  145  10:25  Zealot x2  
  132  10:34  Pylon  
  128  10:36  Archon  
  128  10:37  Archon  
  128  10:39  Zealot x5  
  136  10:51  Zealot  
Tags
 
Add a new tag
Caveats
  • Supply blocks, unpowered buildings, or Contaminate may cause inaccurate times.
  • Supply counts are checked every 10 seconds.